 Dungeon Crawl Stone Soup version 0.31-a0-675-g238779eb0a (webtiles) character file.

Game seed: 777162923330013793

73 Essalna the Conjurer (level 4, 30/30 HPs)
             Began as a Demonspawn Conjurer on Sept 5, 2023.
             Got out of the dungeon alive.
             The game lasted 00:03:06 (2362 turns).

Essalna the Conjurer (Demonspawn Conjurer)          Turns: 2362, Time: 00:03:06

Health: 30/30      AC:  5    Str:  8    XL:     4   Next: 8%
Magic:  8/8        EV: 12    Int: 27    God:
Gold:   116        SH:  0    Dex: 11    Spells: 8/9 levels left

rFire   . . .        l - +4 dagger
rCold   . . .        (no shield)
rNeg    . . .        a - +0 robe
rPois   .            (no helmet)
rElec   .            (no cloak)
rCorr   .            e - +0 pair of gloves
SInv    .            (no boots)
Will    +....        (no amulet)
Stlth   ++           i - ring of willpower
HPRegen 0.25/turn    n - +6 ring of intelligence
MPRegen 0.11/turn

%: no passive effects
@: no status effects
A: hooves 1, slimy green scales 1, demonic guardian 1
a: no special abilities


You escaped.
You visited 1 branch of the dungeon, and saw 3 of its levels.

You collected 116 gold pieces.

Inventory:

Hand Weapons
 d - a +0 short sword
 l - a +4 dagger (weapon)
Armour
 a - a +0 robe (worn)
 e - a +0 pair of gloves (worn)
Jewellery
 i - a ring of willpower (left hand)
 n - a +6 ring of intelligence (right hand)
Scrolls
 c - a scroll of identify {unknown}
 m - a scroll of poison {unknown}
Potions
 b - a potion of magic
 f - a potion of curing {unknown}
 g - a potion of lignification {unknown}
 h - a potion of attraction {unknown}
 j - a potion of degeneration {unknown}
 k - a potion of brilliance {unknown}


   Skills:
 - Level 1.7 Dodging
 - Level 1.7 Stealth
 + Level 3.2 Spellcasting
 + Level 4.9 Conjurations


You had 8 spell levels left.
You knew the following spells:

 Your Spells              Type           Power      Damage    Failure   Level
a - Magic Dart            Conj           100%       1d8       1%          1

Your spell library contained the following spells:

 Spells                   Type           Power      Damage    Failure   Level
 Searing Ray              Conj           60%        2d6       1%          2
 Dazzling Flash           Conj/Hex       34%        N/A       10%         3
 Fulminant Prism          Conj/Hex       8%         3d6       30%         4
 Iskenderun's Mystic Bla  Conj/Tloc      17%        2d5       30%         4


Dungeon Overview and Level Annotations

Branches:
Dungeon (3/15)

Altars:
Qazlal

Shops:
D:2 [


Innate Abilities, Weirdness & Mutations

You have large cloven feet.
You are partially covered in slimy green scales. (AC +2)
A weak demonic guardian rushes to your aid.


Message History

You kill the bat!
You can't see any susceptible monsters within range! (Use Z to cast anyway.)
You can't see any susceptible monsters within range! (Use Z to cast anyway.)
Found a robe.
You can't see any susceptible monsters within range! (Use Z to cast anyway.)
You can't see any susceptible monsters within range! (Use Z to cast anyway.)
Found a leather armour.
An adder comes into view.
An adder is nearby!
The magic dart hits the adder.
The adder is heavily wounded.
The adder hisses angrily.
The magic dart hits the adder.
The adder is severely wounded.
The magic dart hits the adder.
The adder is almost dead.
The magic dart hits the adder!
You kill the adder!
You have reached level 4!
You feel stronger.
Your demonic ancestry asserts itself...
Your feet thicken and deform.
There is a stone staircase leading up here.
You climb upwards.
There is a stone staircase leading down here.
There is an open door here.
Things that are here:
a +0 dagger; a goblin skeleton A hobgoblin comes into view.
The magic dart hits the hobgoblin.
You kill the hobgoblin!
You can't see any susceptible monsters within range! (Use Z to cast anyway.)
You can't see any susceptible monsters within range! (Use Z to cast anyway.)
You can't see any susceptible monsters within range! (Use Z to cast anyway.)
You can't see any susceptible monsters within range! (Use Z to cast anyway.)
There is a stone staircase leading up here.
You climb upwards.
There is a stone staircase leading down here.
Magic restored.
There is a staircase leading out of the dungeon here.
You have escaped!

## #######..################
.###### ######.....######
......# ##...#.....#...##
### ......#
##.8.#.....#.8.## #..
......# ##...#.....#...##
#.. ......#
######.....###### #..
......###...............#
#..
........................#
#..
................@.......##
#..
.(....[..........^.......#
#..
.........................#
#..
####..########.....#####.#
#.. ##.####...#.....#...#.##
#.. #..###.8.#.....#.8.#..##
### ##.###...#.....#...##..#
#
#..######.....#######.######
##............#######)......


There were no monsters in sight!

Vanquished Creatures
  2 adders
  A worm (D:2)
  3 dart slugs
  4 ball pythons
  An endoplasm (D:1)
  A giant cockroach (D:1)
  5 goblins
  8 hobgoblins
  4 kobolds
  3 quokkas
  5 bats
  2 frilled lizards
  3 rats
  A spectral hobgoblin (D:1)
43 creatures vanquished.

Vanquished Creatures (collateral kills)
  A bat (D:2)
1 creature vanquished.

Grand Total: 44 creatures vanquished

Notes
Turn   | Place    | Note
-------+----------+-------------------------------------------
     0 | D:1      | Essalna the Demonspawn Conjurer began the quest for the
                  | Orb.
     0 | D:1      | Reached XP level 1. HP: 13/13 MP: 3/3
   216 | D:1      | You fall into a shaft and drop 1 floor!
   221 | D:2      | Gained mutation: A weak demonic guardian rushes to your
                  | aid. [demonic ancestry]
   221 | D:2      | Reached XP level 2. HP: 18/19 MP: 1/5
   737 | D:1      | Found a faded altar of an unknown god.
  1232 | D:2      | Gained mutation: You are partially covered in slimy green
                  | scales. (AC +2) [demonic ancestry]
  1232 | D:2      | Reached XP level 3. HP: 24/24 MP: 4/7
  1278 | D:2      | Found Enoma's Armour Shoppe.
  1973 | D:2      | Found a stormy altar of Qazlal.
  2285 | D:3      | Gained mutation: You have large cloven feet. [demonic
                  | ancestry]
  2285 | D:3      | Reached XP level 4. HP: 30/30 MP: 3/8
  2362 | D:$      | Got out of the dungeon alive.

Illustrated notes

Levels and vault maps discovered:
D:1:      minmay_arrival_glassed_features, layout_basic,
          dreamdust_ecumenical_altar_drowned_temple
D:2:      layout_basic, serial_shops, nicolae_shop_tiny_real_fake_doors,
          basic_altar, uniq_crazy_yiuf_cottage
D:3:      layout_basic, minmay_misc_feat_chi, kennysheep_generic_room_4

Skill      XL: |  1  2  3 |
---------------+----------+-----
Spellcasting   | 3 |  3.2
Dodging        | |  1.7
Stealth        | |  1.7
Conjurations   | |  4.9

Action                     |  1- 3 |  4- 6 || total
---------------------------+-------+-------++-------
  Melee: Short sword       |    40 |       ||    40
         Dagger            |     4 |       ||     4
   Cast: Magic Dart        |    78 |     1 ||    79
 Armour: Robe              |    35 |       ||    35
  Dodge: Dodged            |    39 |       ||    39

Table legend: (Time is in decaauts)
 A = Elapsed time spent in this place.
 B = Non-inter-level travel time spent in this place.
 C = Inter-level travel time spent in this place.
 D = Time resting spent in this place.
 E = Time spent auto-exploring this place.
 F = Levels seen in this place.
 G = Mean time per level.
                   A        B        C        D        E       F      G
               +--------+--------+--------+--------+--------+-----+--------+
         Total |   2361 |   2250 |    111 |      0 |   1985 |   3 |  787.0 |
       Dungeon |   2361 |   2250 |    111 |      0 |   1985 |   3 |  787.0 |
               +--------+--------+--------+--------+--------+-----+--------+

Top non-repeatable levels by time:
     D:2: 1235 daAuts
     D:1: 1056 daAuts
     D:3: 70 daAuts
